 Dungeon Crawl Stone Soup version 0.28-b1-25-g9875b3fc8c (webtiles) character file.

Game seed: 17319291851607203780

326 unlimited1921 the Bolt Thrower (level 6, 0/61 HPs)
             Began as a Troll Hunter on Feb 1, 2022.
             Slain by Duvessa (8 damage)
             ... on level 5 of the Dungeon.
             The game lasted 00:12:27 (3389 turns).

unlimited1921 the Bolt Thrower (Troll Hunter)       Turns: 3389, Time: 00:12:28

Health: 0/61       AC:  4    Str: 35    XL:     6   Next: 24%
Magic:  5/5        EV: 10    Int:  7    God:
Gold:   126        SH:  0    Dex: 10    Spells: 5/5 levels left

rFire   . . .      SeeInvis .   s - +0 hand axe (vamp)
rCold   . . .      Faith    .   (no shield)
rNeg    . . .      Spirit   .   c - +0 robe
rPois   .          Reflect  .   A - +0 hat
rElec   .          Harm     .   (no cloak)
rCorr   .          Rampage  .   (gloves unavailable)
Will    .....                   (boots unavailable)
Stlth   +.........              l - amulet of magic regeneration
HPRegen 1.00/turn               j - +6 ring of strength
MPRegen 0.49/turn               z - +6 ring of strength

@: no status effects
A: large, unfitting armour, claws 3, regeneration 1, shaggy fur 1, tough skin 1
a: no special abilities


You were on level 5 of the Dungeon.
You visited 1 branch of the dungeon, and saw 5 of its levels.

You collected 126 gold pieces.

Inventory:

Hand Weapons
 a - a +1 hand crossbow
 b - a +0 short sword
 m - a +0 trident
 n - a +0 hunting sling
 s - a +0 vampiric hand axe (weapon)
 y - a +0 rapier
 B - a +0 morningstar
Missiles
 d - 88 bolts
 f - 176 stones
 p - 25 sling bullets
 t - a boomerang
 v - 7 poisoned darts (quivered)
Armour
 c - a +0 robe (worn)
 A - a +0 hat (worn)
Magical Staves
 k - a staff of fire
Jewellery
 j - a +6 ring of strength (left claw)
 l - an amulet of magic regeneration (around neck)
 z - a +6 ring of strength (right claw)
Scrolls
 e - 2 scrolls of teleportation {unknown}
 h - a scroll of fog {unknown}
 r - 2 scrolls of identify {unknown}
 u - a scroll of enchant armour {unknown}
 w - a scroll of torment {unknown}
 x - a scroll of blinking {unknown}
 C - a scroll of magic mapping {unknown}
Potions
 g - a potion of brilliance {unknown}
 i - a potion of might {unknown}
 o - a potion of resistance {unknown}
 q - a potion of attraction {unknown}


   Skills:
 * Level 3.1 Fighting
 + Level 0.4 Short Blades
 + Level 2.1(2.2) Axes
 + Level 0.7(1.5) Polearms
 + Level 3.4 Crossbows
 + Level 0.3 Throwing
 + Level 2.2 Dodging
 + Level 0.9 Stealth


You had 5 spell levels left.
You didn't know any spells.
Your spell library contained the following spells:

 Spells                   Type           Power      Damage    Failure   Level
 Beastly Appendage        Tmut           0%         N/A       43%         1
 Wereblood                Tmut           0%         N/A       56%         2
 Spider Form              Tmut/Pois      0%         N/A       80%         3


Dungeon Overview and Level Annotations

Branches:
Dungeon (5/15)
 Temple: D:4-7

Altars:

Shops:
D:3 [

Annotations:
D:4 1 runed translucent door, Crazy Yiuf
D:5 Dowan, Duvessa


Innate Abilities, Weirdness & Mutations

You are too large for most types of armour.
You have claws for hands.
Your natural rate of healing is unusually fast.
You are covered in fur. (AC +1)
You have tough skin. (AC +1)


Message History

The centaur zombie closely misses you. Duvessa hits you with a +0 short sword!
You barely miss the hound.
The hound is almost dead.
You barely miss Duvessa. You hit the centaur zombie.
The hound barely misses you. The hound bites you but does no damage.
The centaur zombie closely misses you. x2
Duvessa hits you with a +0 short sword.
Dowan, Brother of Duvessa comes into view.
He is wielding a +0 dagger.
Unknown command.
Dowan shouts!
The hound completely misses you.
You slash the hound!
You kill the hound!
You hit Duvessa.
You feel better.
Your Axes skill increases to level 2!
The centaur zombie barely misses you. The centaur zombie kicks you.
You slash the centaur zombie!
You destroy the centaur zombie!
You hit Duvessa. Duvessa hits you with a +0 short sword!
Dowan gestures at Duvessa while chanting.
Duvessa seems to speed up.
Duvessa hits you with a +0 short sword!
Dowan mumbles some strange words.
Dowan blinks!
Duvessa hits you with a +0 short sword!
* * * LOW HITPOINT WARNING * * *
There is an open door here.
You are too injured to fight recklessly!
Duvessa hits you with a +0 short sword!
* * * LOW HITPOINT WARNING * * *
Duvessa hits you with a +0 short sword.
* * * LOW HITPOINT WARNING * * *
Duvessa yells, "You can run, but you cannot escape us forever!"
Duvessa gestures with her weapon.
Duvessa hits you with a +0 short sword.
* * * LOW HITPOINT WARNING * * *
Duvessa hits you with a +0 short sword.
* * * LOW HITPOINT WARNING * * *
Duvessa barely misses you. Duvessa hits you with a +0 short sword!
You die...

# #.#####.# #
##... #.# #.
...#.#.#
#.####+####..#.#.#
#........##..#.#.#
.........##..#.#.#
##.......##..#.#.#
.........##..#.#.#
#........'...#.#@#
#........#.#...#e#
#........#.#.###.#
#........#.#.....#
#.########.#######
#. #.# . #.# #.#


You could see Duvessa (fast).

Vanquished Creatures
  A howler monkey (D:3)
  2 centaur zombies (D:5)
  A hound (D:5)
  An iguana (D:3)
  An orc wizard (D:4)
  A hound skeleton (D:4)
  5 adders
  A worm (D:2)
  A dart slug (D:3)
  11 orcs
  4 ball pythons
  3 endoplasms
  2 giant cockroaches (D:3)
  7 goblins
  9 hobgoblins
  3 jackals (D:1)
  3 kobolds
  4 quokkas
  7 bats
  4 frilled lizards
  5 rats
76 creatures vanquished.

Notes
Turn   | Place    | Note
-------+----------+-------------------------------------------
     0 | D:1      | unlimited1921 the Troll Hunter began the quest for the Orb.
     0 | D:1      | Reached XP level 1. HP: 19/19 MP: 0/0
   200 | D:1      | Reached XP level 2. HP: 27/27 MP: 1/1
   538 | D:1      | Found a faded altar of an unknown god.
  1139 | D:2      | Reached XP level 3. HP: 35/35 MP: 2/2
  1748 | D:3      | Reached XP level 4. HP: 42/42 MP: 3/3
  2424 | D:3      | Found Nomegunt's Antique Armour Shoppe.
  2514 | D:3      | Reached skill level 1 in Axes
  2514 | D:3      | Reached XP level 5. HP: 50/50 MP: 4/4
  3285 | D:4      | Found a runed translucent door.
  3286 | D:4      | Noticed Crazy Yiuf
  3311 | D:5      | Entered Level 5 of the Dungeon
  3319 | D:5      | Reached XP level 6. HP: 55/61 MP: 5/5
  3364 | D:5      | Noticed Duvessa
  3371 | D:5      | Noticed Dowan
  3389 | D:5      | Slain by Duvessa

Illustrated notes

Levels and vault maps discovered:
D:1:      minmay_arrival_hallway, layout_basic, basic_ecumenical_altar
D:2:      layout_basic
D:3:      layout_loops_ring, serial_shops, nicolae_shop_statue_plus,
          minmay_misc_feat_nine_boxes
D:4:      layout_loops_ring, kennysheep_small_spiral, chequers_jeans,
          nicolae_take_the_stairs, moated_statue, uniq_grinder,
          uniq_crazy_yiuf_cottage, uniq_sigmund
D:5:      layout_basic, uniq_duvessa, uniq_ijyb, uniq_edmund

Skill      XL: |  1  2  3  4  5  6 |
---------------+-------------------+-----
Crossbows      | 3 |  3.4
Fighting       | 2 3 |  3.1
Axes           | 1 2 |  2.1
Dodging        | 2 |  2.2
Short Blades   | |  0.4
Polearms       | |  0.7
Throwing       | |  0.3
Stealth        | |  0.9

Action                   |  1- 3 |  4- 6 || total
-------------------------+-------+-------++-------
Melee: Short sword       |    50 |       ||    50
       Trident           |    19 |       ||    19
       Hand axe          |    23 |   128 ||   151
       Punch             |     1 |     1 ||     2
 Fire: Hand crossbow     |    40 |       ||    40
Throw: Dart              |       |     8 ||     8
 Stab: Sleeping          |       |     1 ||     1
Armor: Robe              |    46 |    41 ||    87
Dodge: Dodged            |    73 |    94 ||   167
